woodfighter, chaotic female elven Priestess ------------------------ |..^^^^^^^^^^^^^^^^^^..| |..-------------------.| ----.| ----- |.| |..|`-- --...| |.| |.....|--|.`..| |.| |.``..|..|..`.| |.| --..``|...``.-- |.| |`..`...|`..| ------|.| |.``.|..|Q``| --|.....|.| |.`.`---|`@.| |.+.....|.| |.......|..-- |-|.....|.| ----.`..|.-- |.+..(..+.| ---.--.| |-|.....|-- |%....| |.+.....| |>.|..| --|.....| ------- ------- woodfighter the Adept Experience level: 7 Strength: 12 Dexterity: 14 Constitution: 17 Intelligence: 19 Wisdom: 10 Charisma: 11 Health: 0(51) Energy: 78(78) Def: 15 Gold: 111 Moves: 5905 Dungeon seed: VtRMKj2-7vRnCM-c Game ID: woodfighter_1496219408 Your Inventory: Coins $ - 111 gold pieces Weapons a - a blessed +1 mace (weapon in hand) Armor e - a blessed +0 robe (being worn) g - a blessed +3 pair of elven boots (being worn) y - a +0 elven mithril-coat (being worn) z - a +0 mummy wrapping M - a blessed +0 dwarvish roundshield (being worn) Y - a +0 dwarvish iron helm (being worn) Comestibles b - 3 tripe rations c - a clove of garlic d - 6 sprigs of wolfsbane l - a pancake q - 10 food rations Potions p - a potion of blindness t - a potion of healing u - a blessed potion of booze Rings o - a cursed -2 ring of gain strength r - a ring of polymorph Z - a ring of cold resistance Wands n - a wand of teleportation (0:5) s - a wand of make invisible (0:5) S - a wand of magic missile (0:6) Tools x - a blindfold Spells and supernatural/magical abilities: Name Level Category Fail Memory l - light 1 divination 100% 71% r - remove curse 3 clerical 65% 71% E - detect food 2 divination 100% 71% W - pray for help -- divine ? -- X - turn undead -- divine ? -- Your skills at the end: Miscellaneous Skills shield [Basic] wands [Basic] Weapon Skills mace [Basic] Spellcasting Skills clerical spells [Basic] Final Attributes: You were piously aligned. You were sleep resistant. Your writing hand was ok. You were telepathic. You had infravision. You were stealthy. You are dead. Vanquished creatures: a giant mimic a leprechaun a dwarf mummy 2 dingos 2 housecats a dust vortex a baby crocodile a rock mole 2 ponies a fog cloud a violet fungus a red naga hatchling a gray ooze 8 elf zombies a paper golem a giant ant a floating eye 2 kittens 3 dwarves 2 kobold lords 3 iguanas 6 hill orcs 6 rothes a centipede a jitterbug a giant bat a monkey 2 orc zombies 2 werejackals 5 killer bees 3 coyotes a gas spore an acid blob 3 large kobolds 3 geckos a hobgoblin 6 giant rats a cave spider a yellow mold a green mold a red mold 10 garter snakes a gnome zombie 5 jackals a fox a kobold 5 newts 4 goblins 10 grid bugs 5 bats 7 lichens 2 kobold zombies 135 creatures vanquished. Voluntary challenges: You did not cause conflict. You were not invisible. You did not have reflection. You were not displaced. You had been an atheist until turn 3064. You used a wielded weapon 268 times, starting on turn 314. You did not use tools. You did not use plumbed fixtures. You did not drink any magical draughts. You were illiterate. You never genocided any monsters. You never polymorphed an object. You never changed form. You used no wishes. You never split a pudding. You never wrote Elbereth's name. You never violated your personal moral code. Dungeon overview: The Dungeons of Doom: levels 1 to 10 Level 1 an altar to Shan Lai Ching a long staircase Level 2 (closed shop) Level 3 Level 4 (locked box) a fountain stairs to The Gnomish Mines Level 5 a fountain Level 6 (closed shop + box) some fountains Level 7 a fountain, a sink Level 8 many fountains Level 9 stairs to Sokoban Level 10 a sink The Gnomish Mines: Level 5 stairs to The Dungeons of Doom Sokoban: levels 5 to 8 Level 5 <- You were here a magic chest Level 6 a sink Level 7 a fountain Level 8 a magic chest stairs to The Dungeons of Doom History has recorded: On T:1 you entered the Dungeons of Doom to retrieve the Amulet of Yendor! On T:233 you reached level 2 of The Dungeons of Doom. On T:579 you advanced to experience level 2. On T:623 you reached level 3 of The Dungeons of Doom. On T:773 you advanced to experience level 3. On T:833 you reached level 4 of The Dungeons of Doom. On T:1006 you advanced to experience level 4. On T:1430 you reached level 5 of The Dungeons of Doom. On T:1559 you reached level 1 of The Gnomish Mines. On T:1744 you reached level 6 of The Dungeons of Doom. On T:2043 you advanced to experience level 5. On T:3064 you prayed to Huan Ti. On T:3086 you advanced to experience level 6. On T:3216 you reached level 7 of The Dungeons of Doom. On T:3670 you reached level 10 of The Dungeons of Doom. On T:3816 you reached level 9 of The Dungeons of Doom. On T:3924 you reached level 8 of The Dungeons of Doom. On T:4074 you advanced to experience level 7. On T:4276 you reached level 4 of Sokoban. On T:4295 you opened a magic chest. On T:4623 you reached level 3 of Sokoban. On T:5265 you reached level 2 of Sokoban. On T:5881 you reached level 1 of Sokoban. Score breakdown: Gold: 111 ( 11 points) Experience: 7 levels ( 600 points) Exploration: 10 levels ( 270 points) Discoveries: 13 items ( 650 points) Variety of kills: 52 monsters ( 2000 points) Major goal: (nothing yet) ( 0 points) Survival: died (score multiplied by 3) Total score: 10593 Latest messages: That door is closed. WHAMMM!!! As you kick the door, it crashes open! Reflectoban Wait! That's a giant mimic! You hit the giant mimic. (2x) You hear some noises in the distance. You hit the giant mimic. The giant mimic claws you! (2x) You hit the giant mimic! (4x) The giant mimic claws you! (2x) You hit the giant mimic. You kill the giant mimic! You see here a giant mimic corpse. With great effort you move the boulder. You hear some noises in the distance. With great effort you move the boulder. You hear a monster behind the boulder. Perhaps that's why you cannot move it. With great effort you move the boulder. The Woodland-elf wields an elven short sword! You hit the Woodland-elf! The Woodland-elf thrusts his elven short sword at you. The Woodland-elf stabs you! You die... Final status: Goodbye woodfighter the Priestess, killed by a Woodland-elf... You died in Sokoban on dungeon level 5 with 10593 points, and 111 pieces of gold, after 5905 moves. You were level 7 with a maximum of 51 hit points when you died.